 Dungeon Crawl Stone Soup version 0.27-a0-1232-gc6a4cbde82 (webtiles) character file.

Game seed: 15181329094853944895

18 Gwenloh the Chopper (level 2, -4/27 HPs)
             Began as a Hill Orc Monk on June 8, 2021.
             Killed by nerve-wracking pain
             ... invoked by Jessica
              (13 damage)
             ... on level 2 of the Dungeon.
             The game lasted 00:02:50 (1101 turns).

Gwenloh the Chopper (Hill Orc Monk)                 Turns: 1101, Time: 00:02:51

Health: -4/27      AC:  6    Str: 13    XL:     2   Next: 70%
Magic:  2/2        EV: 12    Int: 10    God:
Gold:   35         SH:  0    Dex: 13    Spells: 1/1 levels left

rFire    . . .     SeeInvis .   a - +0 hand axe
rCold    . . .     Faith    .   (no shield)
rNeg     . . .     Spirit   .   d - +2 leather armour {Will+}
rPois    .         Reflect  .   (no helmet)
rElec    .         Harm     .   (no cloak)
rCorr    .         Rampage  .   c - +0 pair of gloves
Will     +....                  (no boots)
Stlth    ++........             (no amulet)
HPRegen  0.09/turn              (no ring)
MPRegen  0.08/turn              (no ring)

@: no status effects
A: no striking features
a: no special abilities


You were on level 2 of the Dungeon.
You visited 1 branch of the dungeon, and saw 2 of its levels.

You collected 35 gold pieces.

Inventory:

Hand Weapons
 a - a +0 hand axe (weapon)
 h - a +0 hunting sling
Armour
 b - a +0 robe
 c - a +0 pair of gloves (worn)
 d - a +2 leather armour of willpower (worn)
Scrolls
 e - a scroll of fear {unknown}
 f - a scroll of noise {unknown}
Potions
 g - a potion of curing {unknown}


   Skills:
 + Level 3.8 Fighting
 * Level 4.8 Axes
 + Level 0.8 Armour
 - Level 2.4 Dodging
 - Level 1.5 Stealth


You had one spell level left.
You didn't know any spells.
Your spell library was empty.

Dungeon Overview and Level Annotations

Branches:
Dungeon (2/15)

Altars:

Annotations:
D:2 Jessica


Message History

The kobold barely misses you. Jessica hits you with a +0 club.
You closely miss the kobold.
The kobold is moderately wounded.
You hit Jessica but do no damage. The kobold hits you but does no damage.
Jessica hits you but does no damage.
You closely miss the kobold.
The kobold is moderately wounded.
You hit Jessica. Jessica misses you.
The kobold hits you with a +0 short sword.
Jessica hits you with a +0 club.
You slash the kobold!
You kill the kobold!
You hit Jessica.
Jessica gestures wildly while chanting.
Jessica blinks!
Items here: ( ) ††.
Jessica casts a spell at you. Pain shoots through your body!
Jessica casts a spell.
Jessica blinks!
You start resting.
Jessica is nearby!
You hit Jessica but do no damage.
Jessica is severely wounded.
Jessica closely misses you.
You barely miss Jessica.
Jessica is severely wounded.
Jessica hits you but does no damage. Jessica closely misses you.
You closely miss Jessica.
Jessica is severely wounded.
Jessica hits you but does no damage.
You barely miss Jessica.
Jessica is severely wounded.
Jessica hits you with a +0 club. x2
You hit Jessica.
Jessica is almost dead.
Jessica completely misses you. Jessica casts a spell at you.
Pain shoots through your body!
You die...

.........#.##.# #. #.
.......#....#.# .##.
.......#.#..#.# ### ...#####
#.....#....#.# #..
#......####.....#....#.# #..
#......#....##.##..>.#.####..
.#+#..§...#..........#..........
..........#..........#..........
..........#....@.....#....####..
..........#...@#####.#....# #..
..........#....#######§...# #..
.#+#...............)......# ##+
#.###################### ... ###


You could see Jessica (fast).

Vanquished Creatures
  4 ball pythons (D:1)
  An endoplasm (D:2)
  4 hobgoblins
  A quokka (D:1)
  A frilled lizard (D:1)
  2 goblins (D:1)
  2 kobolds
  4 rats (D:1)
19 creatures vanquished.

Notes
Turn   | Place    | Note
-------+----------+-------------------------------------------
     0 | D:1      | Gwenloh the Hill Orc Monk began the quest for the Orb.
     0 | D:1      | Reached XP level 1. HP: 19/19 MP: 1/1
   421 | D:1      | Reached XP level 2. HP: 27/27 MP: 2/2
  1055 | D:2      | Noticed Jessica
  1101 | D:2      | Killed from afar by Jessica

Illustrated notes

Levels and vault maps discovered:
D:1:      minmay_arrival_hallway, layout_loops_corners,
          minmay_shallow_snake_nest
D:2:      layout_basic, basic_altar, uniq_robin, uniq_jessica, uniq_natasha

Action                   || total
-------------------------++-------
Melee: Hand axe          ||    48
 Stab: Sleeping          ||     4
Armor: Leather armour    ||    13
       Robe              ||     1
Dodge: Dodged            ||    24

Table legend: (Time is in decaauts)
 A = Elapsed time spent in this place.
 B = Non-inter-level travel time spent in this place.
 C = Inter-level travel time spent in this place.
 D = Time resting spent in this place.
 E = Time spent auto-exploring this place.
 F = Levels seen in this place.
 G = Mean time per level.
                   A        B        C        D        E       F      G
               +--------+--------+--------+--------+--------+-----+--------+
         Total |   1104 |   1072 |     32 |      5 |    844 |   2 |  552.0 |
       Dungeon |   1104 |   1072 |     32 |      5 |    844 |   2 |  552.0 |
               +--------+--------+--------+--------+--------+-----+--------+

Top non-repeatable levels by time:
     D:1: 899 daAuts
     D:2: 204 daAuts
